Unix NetHack Version 5.0.0-0 post-release - last build May  4 2026 22:22:43 (774f63e81ad911689b3a0859ea89b322d5daca8d,branch:main).

Game began 2026-05-09 09:13:34, ended 2026-05-09 10:04:39.

246786432, neutral female human Barbarian

                                 #
                            -----|---     --------
                            |.......|    #.......|
                            |.......|    #|.......#
      ---------             |........#####--------#
      |.......|             ------.--##  ###      #
      |.......-##               ### ###    #      #
      |..(....| #              ##   # #    #      #           ------
      --|------##############################     #           |.%![|
        #########       ######     ## #-----#     #           |.%[)|
                #  -----|--------  #  #|<.(|#     #          #-..)?|
                #  |............|  #  #|...|###########    ###|.*[*|
                ###|............| ##  #|...|#   #-----.--  #  ------
                  #......(..>{..| #   #-...|#   #|.......###
                   |.............##    |...|@   #|......|
                   --------------      |...ie   #.......|
                                       -----     --------

246786432 the Pillager     St:17 Dx:18 Co:18 In:7 Wi:12 Ch:8  Neutral
Dlvl:2  $:22 HP:0(49) Pw:10(10) AC:7  Xp:4 T:1871 

Latest messages:
 You kill the lichen!
 Welcome to experience level 4.
 There is a doorway here.
 You see here a lichen corpse.
 You kill the gecko!
 There is a doorway here.
 You see here a lichen corpse.
 n - a lichen corpse.
 You miss the shrieker.
 You kill the shrieker!
 You swap places with the peaceful acid blob.
 The giant rat bites!
 You kill the giant rat!
 You kill the giant rat!
 You are beginning to feel hungry.
 What do you want to eat? [dn or ?*] ?
 This food really hits the spot!
 You finish eating the food ration.
 You smite the floating eye.
 You are frozen by the floating eye's gaze!
 The homunculus bites!
 The homunculus bites!
 The homunculus bites!
 The homunculus bites!
 The homunculus bites!
 The homunculus bites!
 The homunculus bites!
 The homunculus bites!
 The homunculus bites!
 The homunculus bites!
 The homunculus bites!
 The homunculus bites!
 The homunculus bites!
 The homunculus bites!
 The homunculus bites!
 The homunculus bites!
 The homunculus bites!
 The homunculus bites!
 The homunculus bites!
 The homunculus bites!
 The homunculus bites!
 The homunculus bites!
 The homunculus bites!
 The homunculus bites!
 You die...
 Do you want your possessions identified? [ynq] (y) y
 Do you want to see your attributes? [ynq] (y) y
 Do you want an account of creatures vanquished? [ynaq] (y) y
 Do you want to see your conduct and achievements? [ynq] (y) y
 Do you want to see the dungeon overview? [ynq] (y) y

Inventory:
 Coins    ('$')
  $ - 22 gold pieces
 Weapons  (')')
  e - a +0 sling
  i - a +0 orcish dagger
  b - a +0 axe (alternate weapon; not wielded)
  f - a +0 flail
  u - a +0 mace
  a - a +0 two-handed sword (weapon in hands)
 Armor    ('[')
  j - a blessed +0 orcish helm
  c - an uncursed +0 ring mail (being worn)
 Comestibles  ('%')
  d - an uncursed food ration
  n - an uncursed lichen corpse
 Scrolls  ('?')
  t - an uncursed scroll of teleportation
 Potions  ('!')
  l - an uncursed potion of fruit juice
  o - an uncursed potion of gain energy
  m - an uncursed potion of monster detection
  p - a cursed potion of monster detection
  g - an uncursed potion of sleeping
  s - a potion of unholy water
 Rings    ('=')
  r - an uncursed ring of poison resistance
 Tools    ('(')
  q - an uncursed lock pick
  k - an uncursed oil lamp

246786432 the Barbarian's attributes:

Background:
 You were a Pillager, a level 4 female human Barbarian.
 You were neutral, on a mission for Crom
 who was opposed by Mitra (lawful) and Set (chaotic).
 You were right-handed.
 You were in the Dungeons of Doom, on level 2.
 You entered the dungeon 1871 turns ago.
 You had 93 experience points, 67 more were needed to attain level 5.

Basics:
 You had 0 out of 49 hit points.
 You had all 10 energy points (spell power).
 Your armor class was 7.
 Your wallet contained 22 zorkmids.
 Autopickup was off.

Final Characteristics:
 Your strength was 17 (limit:18/100).
 Your dexterity was 18 (limit:18).
 Your constitution was 18 (limit:18).
 Your intelligence was 7 (limit:18).
 Your wisdom was 12 (limit:18).
 Your charisma was 8 (limit:18).

Final Status:
 You weren't hungry.
 You were unencumbered.
 You were wielding a two-handed sword.
 You had basic skill with two-handed sword.

Final Attributes:
 You were devoutly aligned.
 You were poison resistant.
 You were warded.
 You are dead.

Miscellaneous:
 You didn't encounter any bones levels.
 Total elapsed playing time was 36 minutes and 10 seconds.

Major events:
 Turn
    1: 246786432 the neutral female human Barbarian entered the dungeon
  848: attained the rank of Pillager (level 3)
 1871: killed by a homunculus, while frozen by a floating eye's gaze

You didn't know any spells.

Skills:
 Fighting Skills
   bare handed combat [Basic]
   two weapon combat  [Unskilled]
   riding             [Unskilled]
 Weapon Skills
   dagger             [Unskilled]
   axe                [Basic]
   pick-axe           [Unskilled]
   short sword        [Unskilled]
   broadsword         [Unskilled]
   long sword         [Unskilled]
   two-handed sword   [Basic]
   saber              [Unskilled]
   club               [Unskilled]
   mace               [Unskilled]
   morning star       [Unskilled]
   flail              [Unskilled]
   hammer             [Unskilled]
   quarterstaff       [Unskilled]
   spear              [Unskilled]
   trident            [Unskilled]
   bow                [Unskilled]
 Spellcasting Skills
   attack spells      [Unskilled]
   escape spells      [Unskilled]

Voluntary challenges:
 Character rerolling was not enabled.
 You were illiterate.
 You never genocided any monsters.
 You never polymorphed an object.
 You never changed form.
 You used no wishes.
Achievements:
 You entered a shop.
 You attained the rank of Pillager.

 The Dungeons of Doom: levels 1 to 3
    Level 1:
       A grave.
    Level 2: <- You were here.
       A general store, a fountain.
       Final resting place for
          you, killed by a homunculus, while frozen by a floating eye's gaze.
    Level 3:
       A potion shop.


Vanquished creatures:
  a shrieker
  a little dog
  a dwarf zombie
  2 giant rats
  a green mold
  2 red molds
  3 geckos
  5 jackals
  2 foxes
  2 goblins
  7 grid bugs
  6 lichens
  4 newts
37 creatures vanquished.

No species were genocided or became extinct.

Game over:
                       ----------
                      /          \
                     /    REST    \
                    /      IN      \
                   /     PEACE      \
                  /                  \
                  |    246786432     |
                  |      22 Au       |
                  |   killed by a    |
                  |    homunculus    |
                  |                  |
                  |                  |
                  |       2026       |
                 *|     *  *  *      | *
        _________)/\\_//(\/(/\)/\//\/|_)_______

Goodbye 246786432 the Barbarian...

You died in The Dungeons of Doom on dungeon level 2 with 492 points,
and 22 pieces of gold, after 1871 moves.
You were level 4 with a maximum of 49 hit points when you died.

